 Dungeon Crawl Stone Soup version 0.25-a0-458-g6fc7858b95 (webtiles) character file.

Game seed: 5269454755289622686, levelgen mode: deterministic

4880 mopl the Fighter (level 10, 0/110 HPs)
             Began as an Ogre Fighter on Feb 3, 2020.
             Was a Believer of Okawaru.
             Succumbed to a killer bee's poison
             ... on level 8 of the Dungeon.
             The game lasted 00:15:23 (7446 turns).

mopl the Fighter (Ogre Fighter)                     Turns: 7446, Time: 00:15:24

Health: 0/110      AC:  7    Str: 22    XL:     10   Next: 50%
Magic:  21/22      EV: 12    Int:  9    God:    Okawaru [**....]
Gold:   525        SH: 10    Dex: 11    Spells: 8/9 levels left

rFire    . . .     SeeInvis .   a - +0 flail
rCold    . . .     Gourm    .   c - +0 shield
rNeg     . . .     Faith    .   e - +0 troll leather armour
rPois    .         Spirit   .   (helmet restricted)
rElec    .         Reflect  .   I - +0 cloak (curse)
rCorr    .         Harm     .   (gloves unavailable)
MR       +....                  (boots unavailable)
Stlth    ++........             (no amulet)
HPRegen  0.68/turn              g - ring of magical power
MPRegen  0.18/turn              (no ring)

@: lethally poisoned (0 -> -10), heroism
A: large, unfitting armour, tough skin 1
a: Heroism, Renounce Religion


You were on level 8 of the Dungeon.
You worshipped Okawaru.
Okawaru was pleased with you.
You were not hungry.

You visited 2 branches of the dungeon, and saw 9 of its levels.
You also visited: Sewer.

You collected 525 gold pieces.

Inventory:

Hand Weapons
 a - a +0 flail (weapon)
 b - a +2 dagger of venom
 s - a +0 giant club
 D - a +1 whip of freezing
 E - a +2 mace of holy wrath
Missiles
 l - 7 boomerangs
 v - 4 large rocks
 x - 19 poisoned darts (quivered)
Armour
 c - a +0 shield (worn)
 e - a +0 troll leather armour (worn)
 I - a cursed +0 cloak (worn)
Jewellery
 g - a ring of magical power (left hand)
Wands
 m - a wand of enslavement (10)
 F - a wand of disintegration (16)
Scrolls
 h - a scroll of holy word {unknown}
 i - 3 scrolls of teleportation {unknown}
 j - a scroll of random uselessness {unknown}
 k - a scroll of remove curse
 n - 2 scrolls of fog
 r - 2 scrolls of fear
 t - a scroll of enchant armour {unknown}
 w - 5 scrolls of amnesia {unknown}
Potions
 d - 2 potions of might
 u - a potion of mutation {!q}
 z - 2 potions of brilliance
 B - a potion of agility
 C - a potion of magic
 G - 2 potions of flight
Comestibles
 f - 17 rations
 H - 6 chunks of flesh


   Skills:
 + Level 10.3(15.3) Fighting
 * Level 9.7(14.7) Maces & Flails
 + Level 7.2(12.2) Throwing
 - Level 2.6(7.6) Dodging
 - Level 2.6(7.6) Shields
 + Level 4.0 Invocations


You had 8 spell levels left.
You knew the following spells:

 Your Spells              Type           Power        Failure   Level  Hunger
a - Animate Skeleton      Necr           N/A          52%         1    ##.....

Your spell library contained the following spells:

 Spells                   Type           Power        Failure   Level  Hunger
 Pain                     Necr           #...         52%         1    ##.....
 Vampiric Draining        Necr           #.........   88%         3    ####...
 Animate Dead             Necr           N/A          99%         4    #####..
 Agony                    Necr           #.......     100%        5    ######.


Dungeon Overview and Level Annotations

Branches:
Dungeon (8/15)             Temple (1/1) D:7           Sewer (visited)
   Lair: D:8-11

Altars:
Ashenzari
Cheibriados
Dithmenos
Fedhas
Gozag
Hepliaklqana
Kikubaaqudgha
Makhleb
Okawaru
Qazlal
Ru
Sif Muna
Trog
Uskayaw
Vehumet
Wu Jian
Xom
Yredelemnul
Zin
The Shining One


Innate Abilities, Weirdness & Mutations

You are too large for most types of armour.
You have tough skin. (AC +1)


Message History

You closely miss the killer bee.
The killer bee is almost dead.
You feel sick. You block the killer bee's attack. The killer bee stings you.
* * * LOW HITPOINT WARNING * * *
You are more poisoned.
The killer bee poisons you! The killer bee closely misses you.
The killer bee stings you.
* * * LOW HITPOINT WARNING * * *
You are more poisoned.
The killer bee poisons you!
Blink to where?
Press: ? - help, Dir - move target cursor You are very lightly contaminated with residual magic.
As you read the scroll of blinking, it crumbles to dust.
* * * LOW HITPOINT WARNING * * *
You feel sick.
Okay, then.
You feel magically purged.
Your magical contamination has completely faded away.
You die...

....... #....#..#..##
.####....###....#..#....
.................y.#....
.........###...(...#..##
...........yy.§....#..##
................#..#..##
#.............÷.#..#..##
##....†###.#.##..#..##
##..@.†.........#.###
#.......###..#..........
#..##...# #..####..#.###
#. #...# #..# #..#.#
...#.# #..# #..#.#
...<#.# #... ...#.#
....#.. ............
####.... ...#########


You could see 2 killer bees.

Vanquished Creatures
  Pikel (D:7)
  Maurice (D:8)
  Psyche (D:8)
  Sigmund (D:6)
  A shadow (D:8)
  Menkaure (D:6)
  Duvessa (D:5)
  2 orc warriors
  4 ice beasts
  A sky beast (D:8)
  6 ogres
  A phantom (D:7)
  A centaur (D:5)
  Blork the orc (D:5)
  3 bullfrogs
  A wyvern zombie (D:7)
  Dowan (D:5)
  3 scorpions
  4 killer bees (D:8)
  2 howler monkeys
  2 crimson imps
  2 centaur zombies
  4 hounds
  A jelly (D:6)
  8 orc wizards
  2 orc priests (D:7)
  3 iron imps (D:7)
  An iguana (D:7)
  2 worker ants (D:3)
  A hound zombie (D:6)
  3 hound skeletons
  A howler monkey zombie (D:5)
  A worker ant zombie (D:7)
  14 adders
  3 shadow imps
  2 oozes
  An adder skeleton (D:5)
  7 worms
  3 leopard geckos
  26 orcs
  5 ball pythons (Sewer)
  6 giant cockroaches
  8 goblins
  6 hobgoblins
  6 jackals
  4 quokkas
  11 bats
  9 frilled lizards
  A jackal skeleton (D:4)
  22 kobolds
  A quokka skeleton (D:7)
  10 rats
  7 plants (Sewer)
220 creatures vanquished.

Vanquished Creatures (collateral kills)
  A hound (D:6)
1 creature vanquished.

Vanquished Creatures (others)
  4 toadstools (D:1)
4 creatures vanquished.

Grand Total: 225 creatures vanquished

Notes
Turn   | Place    | Note
-------+----------+-------------------------------------------
     0 | D:1      | mopl the Ogre Fighter began the quest for the Orb.
     0 | D:1      | Reached XP level 1. HP: 24/24 MP: 1/1
   107 | D:1      | Reached skill level 2 in Maces & Flails
   259 | D:1      | Reached XP level 2. HP: 32/32 MP: 2/2
   508 | D:2      | Found a stormy altar of Qazlal.
   592 | D:2      | Reached skill level 1 in Throwing
   602 | D:2      | Reached XP level 3. HP: 35/40 MP: 3/3
   808 | D:2      | Reached XP level 4. HP: 47/49 MP: 4/4
   819 | D:2      | Reached skill level 3 in Maces & Flails
   872 | D:3      | Found a glowing drain.
   915 | Sewer    | Entered a sewer
  1670 | D:3      | Reached skill level 5 in Fighting
  1811 | D:3      | Reached skill level 2 in Throwing
  1836 | D:3      | Reached XP level 5. HP: 57/57 MP: 5/5
  2438 | D:3      | Reached skill level 4 in Maces & Flails
  2516 | D:3      | Reached XP level 6. HP: 58/66 MP: 6/6
  2915 | D:3      | Reached skill level 3 in Throwing
  2997 | D:4      | Reached skill level 6 in Fighting
  3002 | D:4      | Found an ornate altar of the Wu Jian Council.
  3059 | D:4      | Reached XP level 7. HP: 58/75 MP: 7/7
  3127 | D:4      | Found a hide-covered altar of Uskayaw.
  3271 | D:3      | Reached skill level 5 in Maces & Flails
  3743 | D:5      | Entered Level 5 of the Dungeon
  3780 | D:5      | Noticed Duvessa
  3783 | D:5      | Noticed Dowan
  3966 | D:5      | Killed Duvessa
  3967 | D:5      | Killed Dowan
  4153 | D:5      | Found a radiant altar of Vehumet.
  4158 | D:5      | Reached skill level 4 in Throwing
  4306 | D:5      | Reached XP level 8. HP: 28/84 MP: 8/8
  4446 | D:5      | Reached skill level 7 in Fighting
  4446 | D:5      | Reached skill level 6 in Maces & Flails
  4446 | D:5      | Noticed Blork the orc
  4451 | D:5      | Killed Blork the orc
  4901 | D:6      | Reached skill level 5 in Throwing
  4949 | D:6      | Reached skill level 8 in Fighting
  4949 | D:6      | Reached skill level 7 in Maces & Flails
  5069 | D:6      | Noticed Menkaure
  5104 | D:6      | Noticed Sigmund
  5207 | D:6      | Killed Menkaure
  5207 | D:6      | Reached XP level 9. HP: 45/97 MP: 9/9
  5313 | D:6      | Killed Sigmund
  5571 | D:6      | Found a shadowy altar of Dithmenos.
  5820 | D:7      | Reached skill level 8 in Maces & Flails
  5878 | D:7      | Reached skill level 9 in Fighting
  5878 | D:7      | Reached skill level 6 in Throwing
  5941 | D:7      | Learned a level 1 spell: Animate Skeleton
  5951 | D:7      | Found an ancient bone altar of Kikubaaqudgha.
  5954 | D:7      | Found a blossoming altar of Fedhas.
  5989 | D:7      | Found a staircase to the Ecumenical Temple.
  6009 | Temple   | Entered the Ecumenical Temple
  6051 | Temple   | Became a worshipper of Warmaster Okawaru
  6143 | Temple   | HP: 4/98 [poisoned by an orc]
  6148 | Temple   | HP: 2/98 [poisoned by an orc]
  6154 | Temple   | HP: 2/98 [poisoned by an orc]
  6159 | Temple   | HP: 2/98 [poisoned by an orc]
  6165 | Temple   | HP: 4/98 [poisoned by an orc]
  6346 | D:7      | Found a burning altar of Makhleb.
  6400 | D:7      | Noticed Pikel
  6415 | D:7      | Killed Pikel
  6415 | D:7      | Reached * piety under Okawaru
  6415 | D:7      | Reached skill level 2 in Invocations
  6751 | D:7      | Found an opulent altar of Gozag.
  6795 | D:7      | Reached skill level 9 in Maces & Flails
  6795 | D:7      | Reached XP level 10. HP: 96/107 MP: 11/11
  6970 | D:7      | Found a sacrificial altar of Ru.
  7085 | D:8      | Noticed Psyche
  7095 | D:8      | Killed Psyche
  7095 | D:8      | Reached skill level 3 in Invocations
  7156 | D:8      | Noticed Maurice
  7161 | D:8      | Paralysed by Maurice for 6 turns
  7194 | D:8      | Reached ** piety under Okawaru
  7194 | D:8      | Reached skill level 10 in Fighting
  7224 | D:8      | Killed Maurice
  7224 | D:8      | Reached skill level 7 in Throwing
  7388 | D:8      | Reached skill level 4 in Invocations
  7440 | D:8      | HP: 5/110 [killer bee (8)]
  7445 | D:8      | HP: 1/110 [poisoned by a killer bee]
  7446 | D:8      | Succumbed to a killer bee's poison

Levels and vault maps discovered:
D:1:      ldierk_walled_garden_2, layout_rooms
D:2:      layout_rooms, grunt_qazlal_clouds, minmay_ruptured
D:3:      minmay_thinvault, layout_basic, cheibrodos_sewer_entry_drain,
          kennysheep_generic_room_12
D:4:      layout_cave_pools, lemuel_doored_altar, marbit_many_paths
D:5:      layout_loops_ring, lemuel_coloured_pillars_altar, first_ration,
          minmay_misc_feat_cross, uniq_duvessa, uniq_blork_the_orc
D:6:      layout_rooms, nicolae_overflow_crystal_walls, uniq_menkaure,
          uniq_sigmund
D:7:      layout_basic, grunt_temple_overflow_growth_and_decay,
          kennysheep_mini_moat, demons_altar, nicolae_ru_sacrificial_ziggurat,
          minmay_temple_entry_junction, uniq_pikel
D:8:      layout_basic, nemelex_xobeh_ov_fountains_minmay, old_standard_altar,
          david_nohive_1, uniq_maurice, uniq_psyche
Temple:   jpeg_temple_alley_garden

Skill      XL: |  1  2  3  4  5  6  7  8  9 10 |
---------------+-------------------------------+-----
Maces & Flails | 2 3 4 5 7 9 |  9.7
Throwing       | 1 2 3 4 5 6 7 |  7.2
Fighting       | 5 6 8 9 10 | 10.3
Invocations    | 2 4 |  4.0
Dodging        | |  2.6
Shields        | |  2.6

Action                   |  1- 3 |  4- 6 |  7- 9 | 10-12 || total
-------------------------+-------+-------+-------+-------++-------
Melee: Flail             |   133 |   477 |   379 |   140 ||  1129
       Dagger            |       |       |     9 |       ||     9
Throw: Dart              |       |     8 |    62 |     4 ||    74
       Large rock        |       |     1 |     2 |       ||     3
Invok: Heroism           |       |       |       |     7 ||     7
Evoke: Wand              |       |       |     1 |       ||     1
  Use: Scroll            |     2 |       |    13 |     3 ||    18
       Potion            |       |       |     1 |     3 ||     4
  Eat: Chunk             |       |     9 |    12 |     3 ||    24
Armor: Troll leather arm |    55 |   141 |   114 |    35 ||   345
       Robe              |     2 |       |       |       ||     2
Dodge: Dodged            |    58 |   135 |   118 |    57 ||   368
Block: Shield            |    55 |   169 |   153 |    54 ||   431

Table legend:
 A = Non-vault XP
 B = Vault XP
 C = Vault XP percentage of total XP
 D = Non-vault monster count
 E = Vault monster count
 F = Vault count percentage of total count
                 A         B        C        D         E       F
            +---------+---------+-------+---------+---------+-------
      Total |    4196 |    2776 |  39.8 |     153 |      61 |  28.5
            +---------+---------+-------+---------+---------+-------
        D:1 |      14 |       0 |   0.0 |       9 |       0 |   0.0
        D:2 |      67 |       4 |   5.6 |      25 |       3 |  10.7
        D:3 |     435 |      71 |  14.0 |      37 |      20 |  35.1
        D:4 |     142 |       0 |   0.0 |      13 |       0 |   0.0
        D:5 |     407 |     330 |  44.8 |      10 |       3 |  23.1
        D:6 |    1041 |     410 |  28.3 |      17 |       2 |  10.5
        D:7 |    1096 |     726 |  39.8 |      23 |       4 |  14.8
        D:8 |     945 |    1188 |  55.7 |      15 |       6 |  28.6
     Temple |      49 |       0 |   0.0 |       4 |       0 |   0.0
      Sewer |       0 |      47 | 100.0 |       0 |      23 | 100.0
            +---------+---------+-------+---------+---------+-------
